 Dungeon Sprint DCSS version 0.28-a0-872-g80cf8599ee (webtiles) character file.

Game seed: 12998259586087603574

7 mhtbhm the Covered (level 1, -6/22 HPs)
             Began as a Minotaur Fighter on Nov 20, 2021.
             Killed from afar by an orc wizard (11 damage)
             ... with a puff of flame
             ... in the Dungeon (Sprint IX: "|||||||||||||||||||||||||||||").
             The game lasted 00:00:07 (91 turns).

mhtbhm the Covered (Minotaur Fighter)                 Turns: 91, Time: 00:00:07

Health: -6/22      AC:  7    Str: 20    XL:     1   Next: 91%
Magic:  0/0        EV:  9    Int:  5    God:
Gold:   0          SH:  4    Dex:  9    Spells: 0/0 levels left

rFire   . . .      SeeInvis .   a - +0 flail
rCold   . . .      Faith    .   c - +0 buckler
rNeg    . . .      Spirit   .   b - +0 scale mail
rPois   .          Reflect  .   (helmet restricted)
rElec   .          Harm     .   (no cloak)
rCorr   .          Rampage  .   (no gloves)
Will    .....      NoTele   +   (no boots)
Stlth   ..........              (no amulet)
HPRegen 0.07/turn               (no ring)
MPRegen 0.07/turn               (no ring)

@: no status effects
A: horns 2, retaliatory headbutt
a: no special abilities


You were in the Dungeon.
You visited 1 branch

Inventory:

Hand Weapons
 a - a +0 flail (weapon)
Armour
 b - a +0 scale mail (worn)
 c - a +0 buckler (worn)
Scrolls
 j - a scroll of blinking
Potions
 d - a potion of might
 f - a potion of heal wounds
 g - a potion of haste
 h - 2 potions of magic
 i - a potion of berserk rage


   Skills:
 + Level 4.4 Fighting
 + Level 2.8 Maces & Flails
 + Level 4.5 Armour
 + Level 4.4 Shields


You couldn't memorise any spells.
You didn't know any spells.
Your spell library was empty.

Dungeon Overview and Level Annotations

Branches:
Dungeon (1/1)

Altars:


Innate Abilities, Weirdness & Mutations

You have a pair of horns on your head.
You reflexively headbutt those who attack you in melee.


Message History

You are too confused!
You are too confused!
You are too confused!
You are too confused!
You are too confused!
You are too confused!
You are too confused!
You feel better. Something hits you.
You hit something. Something hits you.
You barely miss something.
You hear some strange, mumbled words.
Something tries to affect you, but you resist.
You barely miss something. You headbutt something. Something hits you.
You closely miss something. Your headbutt misses something.
Something hits you. x2
You miss something. Something hits you but does no damage.
You closely miss something. Something hits you but does no damage.
You miss something. Something hits you but does no damage.
You miss something.
You hear some strange, mumbled words.
A puff of flame appears from out of thin air!
The puff of flame misses you. Something hits you.
You closely miss something.
You hear some strange, mumbled words.
A magic dart appears from out of thin air!
The magic dart hits you.
You closely miss something. You block something's attack.
You miss something. Something hits you.
You barely miss something. Your headbutt misses something.
You hear some strange, mumbled words.
A magic dart appears from out of thin air!
The magic dart hits you.
* * * LOW HITPOINT WARNING * * *
Something hits you.
* * * LOW HITPOINT WARNING * * *
You barely miss something.
You hear some strange, mumbled words.
A puff of flame appears from out of thin air!
The puff of flame hits you!
Ouch! That really hurt!
You die... ▓▓▓▓▓▓▓▓▓▓▓▓▓▓▓▓▓▓ ▓<...))....@{ro..+ ▓▓▓▓▓▓▓▓▓▓▓▓▓▓▓▓▓▓

You could see an orc and a quokka.

Vanquished Creatures
  An orc (D)
  A bat skeleton (D)
  A quokka (D)
  2 frilled lizards (D)
  A goblin (D)
  A kobold (D)
7 creatures vanquished.

Notes
Turn   | Place    | Note
-------+----------+-------------------------------------------
     0 | D        | mhtbhm the Minotaur Fighter began the quest for the Orb.
     0 | D        | Reached XP level 1. HP: 19/19 MP: 0/0
    22 | D        | Banished a spatial maelstrom
    72 | D        | Noticed an orc wizard
    91 | D        | Killed from afar by an orc wizard

Illustrated notes

Levels and vault maps discovered:
D:        linesprint [early_d, line_temple, items_1, d_10, items_2, lair_1,
          lair_end, items_3, orc_1, orc_end, items_4, d_15, swamp_1, shoals_1,
          snake_1, spider_1, d_20, vaults_1, items_5, swamp_end, shoals_end,
          snake_end, spider_end, vaults_end, d_27, items_6, zot_1, zot_end,
          crypt_end, forest_end, elf_end, slime_end, tomb_end, abyss_end,
          pan_hell_end]

Skill      XL: |  1 |
---------------+----+-----
Fighting       | 4 |  4.4
Armour         | 4 |  4.5
Shields        | 4 |  4.4
Maces & Flails | |  2.8

Action                   || total
-------------------------++-------
Melee: Flail             ||    24
       Headbutt          ||     3
  Use: Potion            ||     1
Armor: Scale mail        ||     8
Dodge: Dodged            ||     3
Block: Buckler           ||     4

Table legend: (Time is in decaauts)
 A = Elapsed time spent in this place.
 B = Non-inter-level travel time spent in this place.
 C = Inter-level travel time spent in this place.
 D = Time resting spent in this place.
 E = Time spent auto-exploring this place.
 F = Levels seen in this place.
 G = Mean time per level.
                   A        B        C        D        E       F      G
               +--------+--------+--------+--------+--------+-----+--------+
         Total |     96 |     96 |      0 |     56 |      3 |   1 |   96.0 |
       Dungeon |     96 |     96 |      0 |     56 |      3 |   1 |   96.0 |
               +--------+--------+--------+--------+--------+-----+--------+

Top non-repeatable levels by time:
       D: 96 daAuts
